 Dungeon Crawl Stone Soup version 0.19-a0-1007-g133f65f (webtiles) character file.

2326 Implojin the Grappler (level 9, -9/80 HPs)
             Began as a Troll Fighter on July 19, 2016.
             Was an Initiate of Ru.
             Killed by divine providence
             ... invoked by an orc priest
              (13 damage)
             ... on level 8 of the Dungeon.
             The game lasted 00:11:23 (1580 turns).

Implojin the Grappler (Troll Fighter)               Turns: 1580, Time: 00:11:25

Health: -9/80      AC:  4    Str: 26    XL:     9   Next: 19%
Magic:  8/8        EV:  6    Int:  4    God:    Ru [......]
Gold:   130        SH: 15    Dex: 12    Spells: 2 memorised, 6 levels left

rFire  . . .     SeeInvis .       - Unarmed
rCold  . . .     Gourm    +     a - +0 robe
rNeg   . . .     Faith    .     x - +1 large shield
rPois  .         Spirit   .     (helmet restricted)
rElec  +         Dismiss  .     (no cloak)
rCorr  .         Reflect  .     (gloves unavailable)
SustAt +         Harm     .     (boots unavailable)
MR     .....                    (no amulet)
Stlth  +.........               (no ring)
                                g - ring of sustain attributes

@: not resistant to hostile enchantments, very unstealthy
A: unfitting armour, claws 3, hooves 1, deformed body, fast metabolism 3,
gourmand, regeneration 2, shaggy fur 1, electricity resistance, tough skin 2
a: Renounce Religion


You were on level 8 of the Dungeon.
You worshipped Ru.
Ru was noncommittal.
You were hungry.

You visited 2 branches of the dungeon, and saw 9 of its levels.
You also visited: Sewer.

You collected 130 gold pieces.

Inventory:

Hand Weapons
 w - a +0 flail
 y - a +5 blowgun
Missiles
 u - a throwing net (quivered)
 z - 15 poisoned needles
Armour
 a - a +0 robe (worn)
 b - a +0 shield
 x - a +1 large shield (worn)
Jewellery
 g - a ring of sustain attributes (left claw)
Wands
 j - a wand of polymorph (11/24)
 l - a wand of paralysis (11/24)
 r - a wand of random effects (30/48)
Scrolls
 h - 2 scrolls of remove curse
 v - a scroll of identify
Potions
 c - 4 potions of flight
 e - 2 potions of degeneration
 k - a potion of resistance
Books
 m - a book of Cantrips

   Spells                             Type                      Level
   a - Confusing Touch                Hexes                        1
   b - Animate Skeleton               Necromancy                   1
   c - Summon Small Mammal            Summoning                    1
   d - Apportation                    Translocation                1
 o - a book of Transfigurations

   Spells                             Type                      Level
   a - Irradiate                      Conjuration/Transmutation    5
   b - Statue Form                    Transmutation/Earth          6
   c - Hydra Form                     Transmutation                6
   d - Dragon Form                    Transmutation                7
Comestibles
 d - 3 bread rations
 f - a slice of pizza
 i - 8 fruits


   Skills:
 - Level 2.4 Fighting
 - Level 2.4 Dodging
 - Level 2.4 Shields
 * Level 12.2 Unarmed Combat


You had 6 spell levels left.
You knew the following spells:

 Your Spells              Type           Power        Failure   Level  Hunger
a - Apportation           Tloc           #.........   100%        1    ##.....
b - Summon Small Mammal   Summ           #...         100%        1    ##.....


Dungeon Overview and Level Annotations

Branches:
Dungeon (8/15)             Temple (1/1) D:7
   Lair: D:8-11

Altars:
Cheibriados
Dithmenos
Elyvilon
Fedhas
Gozag
Hepliaklqana
Kikubaaqudgha
Nemelex Xobeh
Ru
Trog
Uskayaw
Vehumet
Xom
Yredelemnul
The Shining One
Lugonu

Shops:
D:6 [

Annotations:
D:4 exclusion: upstairs


Innate Abilities, Weirdness & Mutations

You are too large for most types of armour.
You have claws for hands.
Your metabolism is lightning-fast.
You like to eat raw meat.
You heal very quickly.
You are covered in fur. (AC +1)
You have very tough skin. (AC +2)
You have large cloven feet.
Armour fits poorly on your strangely shaped body.
You are resistant to electric shocks. (rElec)


Message History

Okay, then.
Okay, then.
Cast which spell? (? or * to list)
Okay, then.
Unknown command.
You mangle the gnoll!!
You kill the gnoll!
You block the gnoll's attack.
You closely miss the worker ant. The worker ant bites you.
* * * LOW HITPOINT WARNING * * *
The worker ant barely misses you.
Unknown command.
Okay, then.
Okay, then.
You mangle the worker ant!!
You kill the worker ant!
The gnoll closely misses you.
You block the giant gecko zombie's attack.
You claw the gnoll!
The gnoll is almost dead.
You block the gnoll's attack. x2
The giant gecko zombie closely misses you.
You closely miss the gnoll. Your kick misses the gnoll.
The gnoll is almost dead.
The orc priest looks braver for a moment.
You block the gnoll's attack.
You barely miss the gnoll.
The gnoll is almost dead.
You block the giant gecko zombie's attack.
The gnoll hits you with a flail.
* * * LOW HITPOINT WARNING * * *
You block the gnoll's attack.
Unknown command.
You barely miss the gnoll.
The gnoll is almost dead.
You block the giant gecko zombie's attack.
You block the gnoll's attack.
The orc priest calls down the wrath of Beogh upon you.
Beogh smites you!
You die...

#
##'##
#...#
#.Z.#
#..O#
#...#
#.Jo#
#.oS#
#.Zg#
#hg@#
#####


You could see an ogre, a hound, a jelly, an orc priest, an orc wizard, 2 gnolls,
an adder, a giant gecko zombie and an adder skeleton.

Vanquished Creatures
  A kobold demonologist (D:7)
  Grinder (D:4)
  Sigmund (D:5)
  Eustachio (D:6)
  2 water moccasins
  2 sky beasts (D:5)
  3 ogres
  A crocodile (Sewer)
  A big kobold (D:7)
  Blork the orc (D:5)
  A giant frog (D:7)
  2 killer bees (D:7)
  2 howler monkeys (D:5)
  A crimson imp (D:5)
  A giant frog zombie (D:5)
  An orc priest (D:4)
  2 hounds (D:5)
  A centaur skeleton (D:8)
  An orc wizard (D:4)
  3 worker ants
  2 hound zombies (D:7)
  A hound skeleton (D:4)
  A mummy (D:6)
  2 worker ant zombies
  A gnoll (D:8)
  5 adders
  2 shadow imps
  An ooze (D:3)
  2 adder skeletons
  2 worms
  2 giant geckos (D:4)
  11 orcs
  2 ball pythons (D:5)
  A bat (D:1)
  3 giant cockroaches
  A hobgoblin (D:3)
  2 jackals (Sewer)
  2 quokkas
  A goblin (D:3)
  10 kobolds
  A quokka skeleton (D:5)
84 creatures vanquished.

Notes
Turn   | Place    | Note
-------+----------+-------------------------------------------
     0 | D:1      | Implojin the Troll Fighter began the quest for the Orb.
     0 | D:1      | Reached XP level 1. HP: 22/22 MP: 0/0
    91 | D:3      | Reached XP level 2. HP: 29/29 MP: 1/1
   108 | D:3      | Reached skill level 3 in Unarmed Combat
   134 | D:3      | Found a sparkling altar of Nemelex Xobeh.
   135 | D:3      | Found an opulent altar of Gozag.
   164 | D:4      | Found a radiant altar of Vehumet.
   166 | D:4      | Found a hide-covered altar of Uskayaw.
   166 | D:4      | Noticed Grinder
   216 | D:4      | Found a white marble altar of Elyvilon.
   244 | D:4      | Reached XP level 3. HP: 36/36 MP: 2/2
   280 | D:4      | Noticed a scorpion
   284 | D:5      | Entered Level 5 of the Dungeon
   284 | D:5      | Found a hazy altar of Hepliaklqana.
   295 | D:5      | Noticed a sky beast
   306 | D:5      | Killed a sky beast
   306 | D:5      | Reached skill level 5 in Unarmed Combat
   306 | D:5      | Reached XP level 4. HP: 8/44 MP: 3/3
   389 | D:7      | Reached XP level 5. HP: 35/50 MP: 4/4
   400 | D:7      | Learned a level 1 spell: Apportation
   402 | D:7      | Learned a level 1 spell: Summon Small Mammal
   408 | D:7      | Noticed a water moccasin
   423 | D:7      | Killed a water moccasin
   423 | D:7      | Reached skill level 6 in Unarmed Combat
   544 | D:5      | Reached XP level 6. HP: 57/59 MP: 5/5
   601 | D:5      | Noticed Sigmund
   618 | D:5      | Killed Sigmund
   618 | D:5      | Reached skill level 7 in Unarmed Combat
   618 | D:5      | Reached XP level 7. HP: 45/66 MP: 6/6
   640 | D:5      | Reached skill level 8 in Unarmed Combat
   715 | D:4      | Killed Grinder
   715 | D:4      | Reached skill level 9 in Unarmed Combat
   770 | D:5      | Noticed Blork the orc
   778 | D:5      | Killed Blork the orc
   778 | D:5      | Reached XP level 8. HP: 45/74 MP: 7/7
   834 | D:4      | Found a glowing drain.
   838 | Sewer    | Entered a sewer
   843 | Sewer    | Reached skill level 10 in Unarmed Combat
  1058 | D:6      | Noticed Eustachio
  1070 | D:6      | Killed Eustachio
  1122 | D:6      | Found a snail-covered altar of Cheibriados.
  1131 | D:6      | Found Hygenauc's Antique Armour Shoppe.
  1146 | D:6      | Reached skill level 11 in Unarmed Combat
  1181 | D:7      | Found a shadowy altar of Dithmenos.
  1208 | D:8      | Found a blossoming altar of Fedhas.
  1332 | D:7      | Noticed a kobold demonologist
  1357 | D:7      | Gained mutation: You are resistant to electric shocks. (rElec) [potion of mutation]
  1357 | D:7      | Gained mutation: You have large cloven feet. [potion of mutation]
  1357 | D:7      | Gained mutation: Armour fits poorly on your strangely shaped body. [potion of mutation]
  1424 | D:7      | Found a staircase to the Ecumenical Temple.
  1434 | Temple   | Entered the Ecumenical Temple
  1456 | Temple   | Became a worshipper of Ru the Awakened
  1484 | D:7      | Noticed a smoke demon
  1488 | D:7      | Killed a kobold demonologist
  1488 | D:7      | Reached XP level 9. HP: 33/80 MP: 8/8
  1547 | D:8      | Reached skill level 12 in Unarmed Combat
  1560 | D:8      | HP: 3/80 [ogre/giant spiked club (24)]
  1565 | D:8      | HP: 4/80 [poisoned by an adder]
  1571 | D:8      | HP: 1/80 [gnoll (5)]
  1579 | D:8      | HP: 3/80 [gnoll/flail (1)]
  1580 | D:8      | Killed from afar by an orc priest

Vault maps used:
D:1:      lightli_iron_boxes
D:2:      grunt_temple_overflow_order_and_chaos_2,
          nicolae_overflow_crystal_walls, first_bread
D:3:      wad_woods_tower, grunt_temple_overflow_opulence
D:4:      lemuel_doored_altar, nicolae_overflow_hidden_temple,
          gup_sewer_entry_bowl, uniq_edmund, uniq_grinder
D:5:      basic_altar, uniq_sigmund, uniq_blork_the_orc
D:6:      slow_altar_1, serial_shops, nicolae_shop_trees, bh_chokoban,
          uniq_eustachio
D:7:      lemuel_coloured_pillars_altar
D:8:      grunt_temple_overflow_forces_of_nature
Temple:   corrupted_temple
Sewer:    sewer_the_crocodile

Skill      XL: |  1  2  3  4  5  6  7  8  9 |
---------------+----------------------------+-----
Unarmed Combat | 3 5 6 7 9 11 12 | 12.2
Fighting       | |  2.4
Dodging        | |  2.4
Shields        | |  2.4

Action                   |  1- 3 |  4- 6 |  7- 9 || total
-------------------------+-------+-------+-------++-------
Melee: Unarmed           |    33 |    45 |   192 ||   270
       Kick              |       |       |     8 ||     8
  Use: Potion            |     1 |     3 |     5 ||     9
       Scroll            |       |     3 |     7 ||    10
 Stab: Sleeping          |       |       |     1 ||     1
  Eat: Chunk             |     4 |     4 |     2 ||    10
       Pizza             |       |       |     1 ||     1
Armor: Robe              |     5 |    11 |    39 ||    55
Dodge: Dodged            |     9 |    12 |    51 ||    72
Block: Shield            |    21 |    26 |    43 ||    90
       Large shield      |       |       |    53 ||    53

Table legend:
 A = Turns spent in this place as a percentage of turns spent in the entire game.
 B = Non-inter-level travel turns spent in this place as a percentage of non-inter-level travel turns spent in the entire game.
 C = Inter-level travel turns spent in this place as a percentage of turns spent in this place.
 D = Turns resting spent in this place as a percentage of non-inter-level travel turns spent in this place.
 E = Turns spent auto-exploring this place as a percentage of non-inter-level travel turns spent in this place.
 F = Non-inter-level travel turns spent in this place divided by the number of levels of this place that you've seen.
                   A       B       C       D       E      F
               +-------+-------+-------+-------+-------+----------------------
         Total | 100.0 | 100.0 |   0.0 |   0.0 |   0.0 | 162.8
       Dungeon |  92.0 |  92.0 |   0.0 |   0.0 |   0.0 | 187.1
        Temple |   2.3 |   2.3 |   0.0 |   0.0 |   0.0 |  37.0
         Sewer |   5.8 |   5.8 |   0.0 |   0.0 |   0.0 |  94.0
               +-------+-------+-------+-------+-------+----------------------

Table legend:
 A = Kills in this place as a percentage of kills in entire the game.
 B = Kills by you in this place as a percentage of kills by you in the entire game.
 C = Kills by friends in this place as a percentage of kills by friends in the entire game.
 D = Other kills in this place as a percentage of other kills in the entire game.
 E = Experience gained in this place as a percentage of experience gained in the entire game.
 F = Experience gained in this place divided by the number of levels of this place that you have seen.
                   A       B       C       D       E      F
               +-------+-------+-------+-------+-------+----------------------
         Total | 100.0 | 100.0 |  -nan |  -nan | 100.0 | 332.3
       Dungeon |  92.9 |  92.9 |  -nan |  -nan |  96.5 | 400.8
         Sewer |   7.1 |   7.1 |  -nan |  -nan |   3.5 | 117.0
               +-------+-------+-------+-------+-------+----------------------
